 Dungeon Crawl Stone Soup version 0.17.1-1-g73c8601 (webtiles) character file.

41 Implojin the Ruffian (level 3, -4/36 HPs)
             Began as a Troll Fighter on Apr 8, 2016.
             Slain by an ogre
             ... wielding a +0 giant club
              (22 damage)
             ... on level 4 of the Dungeon.
             The game lasted 00:00:57 (139 turns).

Implojin the Ruffian (Troll Fighter)                 Turns: 139, Time: 00:00:58

Health: -4/36      AC:  5    Str: 24    XL:     3   Next: 32%
Magic:  2/2        EV:  8    Int:  4    God:
Gold:   0          SH:  8    Dex: 10    Spells: 0 memorised, 2 levels left

rFire  . . .     SeeInvis .       - Unarmed
rCold  . . .     Clarity  .     a - +0 robe
rNeg   + . .     SustAt   .     b - +0 shield
rPois  .         Gourm    +     (helmet restricted)
rElec  .         Spirit   .     (no cloak)
rCorr  .         Warding  +     (gloves unavailable)
rMut   .         Stasis   .     (boots unavailable)
MR     .....                    e - amulet of warding
Stlth  +.........               (no ring)
                                (no ring)

@: not resistant to hostile enchantments, very unstealthy
A: unfitting armour, claws 3, fast metabolism 3, gourmand, regeneration 2,
shaggy fur 1, tough skin 2
a: no special abilities


You were on level 4 of the Dungeon.
You were not hungry.

You visited 1 branch of the dungeon, and saw 4 of its levels.

Inventory:

Armour
 a - a +0 robe (worn)
 b - a +0 shield (worn)
Jewellery
 e - an amulet of warding (around neck)
Scrolls
 f - a scroll of teleportation {unknown}
 h - a scroll of identify {unknown}
Potions
 c - a potion of might
Comestibles
 d - 2 bread rations
 g - 4 fruits


   Skills:
 - Level 2.4 Fighting
 - Level 2.4 Dodging
 - Level 2.4 Shields
 * Level 3.8 Unarmed Combat


You had 2 spell levels left.
You didn't know any spells.

Dungeon Overview and Level Annotations

Branches:
Dungeon (4/15)
 Temple: D:4-7

Altars:

Annotations:
D:3 exclusion: upstairs


Innate Abilities, Weirdness & Mutations

You are too large for most types of armour.
You have claws for hands.
Your metabolism is lightning-fast.
You like to eat raw meat.
You heal very quickly.
You are covered in fur (AC +1).
You have very tough skin (AC +2).


Message History

You feel agile.
You feel stronger.
You open the door.
Found 4 fruits and 5 gold pieces.
There is an open door here.
g - 4 fruits
Found 27 stones.
Found 2 gold pieces.
Found a stone staircase leading down.
Found a stone staircase leading up.
Found 25 sling bullets.
There is a stone staircase leading up here.
You climb upwards.
There is a stone staircase leading down here.
You climb downwards.
There is a stone staircase leading up here.
There is a stone staircase leading down here.
You climb downwards.
Found a scroll labeled KIR REMUTSOEL.
Found an escape hatch in the ceiling.
There is a stone staircase leading up here.
h - a scroll labeled KIR REMUTSOEL You open the door.
An ogre comes into view. It is wielding a giant club.
The ogre shouts!
The ogre moves out of view.
Found a shiny steel ring.
There is an open door here.
You block the ogre's attack.
An ogre comes into view. It is wielding a giant club.
You claw the ogre!
The ogre is moderately wounded.
There is an open door here.
You barely miss the ogre.
The ogre is moderately wounded.
The ogre hits you with a giant club!!
Ouch! That really hurt!
* * * LOW HITPOINT WARNING * * *
You claw the ogre!
The ogre is severely wounded.
The ogre hits you with a giant club!!
Ouch! That really hurt!
You die...

.....<....#
..........######
...............######
....................#
########............#
. #............####..
#.......#.#........
#.......#.#........
#########@#........
#OO........
###.....=.. #........
#........ .......##
........# ..#..##..
...###. ..


You could see 2 ogres.

Vanquished Creatures
  A hound (D:3)
  2 giant geckos (D:3)
  An orc (D:3)
  A giant newt (D:1)
5 creatures vanquished.

Notes
Turn   | Place    | Note
--------------------------------------------------------------
     0 | D:1      | Implojin the Troll Fighter began the quest for the Orb.
     0 | D:1      | Reached XP level 1. HP: 22/22 MP: 0/0
    69 | D:3      | Noticed a hound
    78 | D:3      | Killed a hound
    78 | D:3      | Reached skill level 3 in Unarmed Combat
    78 | D:3      | Reached XP level 2. HP: 23/29 MP: 1/1
    78 | D:3      | Reached XP level 3. HP: 28/36 MP: 2/2
   132 | D:4      | Noticed an ogre
   135 | D:4      | Noticed an ogre
   139 | D:4      | Slain by an ogre

Action                   || total
-------------------------++-------
Melee: Unarmed           ||    18

Table legend:
 A = Turns spent in this place as a percentage of turns spent in the entire game.
 B = Non-inter-level travel turns spent in this place as a percentage of non-inter-level travel turns spent in the entire game.
 C = Inter-level travel turns spent in this place as a percentage of turns spent in this place.
 D = Turns resting spent in this place as a percentage of non-inter-level travel turns spent in this place.
 E = Turns spent auto-exploring this place as a percentage of non-inter-level travel turns spent in this place.
 F = Non-inter-level travel turns spent in this place divided by the number of levels of this place that you've seen.
                   A       B       C       D       E      F
               +-------+-------+-------+-------+-------+----------------------
         Total | 100.0 | 100.0 |   0.0 |   0.0 |   0.0 |  34.0
       Dungeon | 100.0 | 100.0 |   0.0 |   0.0 |   0.0 |  34.0
               +-------+-------+-------+-------+-------+----------------------

Table legend:
 A = Kills in this place as a percentage of kills in entire the game.
 B = Kills by you in this place as a percentage of kills by you in the entire game.
 C = Kills by friends in this place as a percentage of kills by friends in the entire game.
 D = Other kills in this place as a percentage of other kills in the entire game.
 E = Experience gained in this place as a percentage of experience gained in the entire game.
 F = Experience gained in this place divided by the number of levels of this place that you have seen.
                   A       B       C       D       E      F
               +-------+-------+-------+-------+-------+----------------------
         Total | 100.0 | 100.0 |  -nan |  -nan | 100.0 |  14.8
       Dungeon | 100.0 | 100.0 |  -nan |  -nan | 100.0 |  14.8
               +-------+-------+-------+-------+-------+----------------------
